Map: Lightshade LE

Players

Serral

  • Race: Zerg Zerg
  • Spawn Location: 5:00

Trap - Winner!

  • Race: Protoss Protoss
  • League: Master
  • Spawn Location: 11:00

Event: DreamHack SC2 Masters 2020 Winter

VOD

Have the link to the VOD?

Description

Time

  • Played on: Nov. 12, 2020, 10:01 a.m.
  • Length: 11:56

All games in this series

Show
View Real Time Build Order
Export as new Build Order

Serral Zerg 

Build Orders: Pool First 

Get SALT Encoding   

  12  0:17  Spawning Pool  
  11  0:22  Drone  
  11  0:26  Drone  
  13  0:31  Drone  
  14  0:40  Overlord  
  14  1:03  Queen, Zergling x2  
  14  1:04  Zergling x2  
  18  1:05  Zergling x2  
  19  1:16  Zergling x2  
  20  1:27  Zergling x2  
  21  1:34  Hatchery  
  20  1:41  Overlord  
  20  1:48  Drone  
  21  1:59  Queen  
  23  2:03  Drone  
  24  2:11  Drone x2  
  24  2:13  Drone  
  26  2:18  Drone  
  26  2:22  Extractor  
  25  2:31  Drone  
  25  2:37  Queen  
  28  2:47  Zergling x6  
  31  2:52  Queen  
  31  2:56  Drone  
  34  3:02  Overlord  
  34  3:08  Drone  
  36  3:20  Drone  
  36  3:21  Drone  
  36  3:22  Drone, Metabolic Boost  
  36  3:25  Drone  
  39  3:32  Drone  
  39  3:33  Drone  
  41  3:39  Overlord  
  41  3:43  Drone  
  41  3:47  Drone x2  
  44  3:50  Overlord  
  44  3:55  Spore Crawler  
  44  3:56  Drone  
  44  3:59  Zergling x2  
  44  4:00  Drone  
  44  4:01  Drone  
  47  4:13  Hatchery  
  47  4:14  Drone  
  47  4:16  Drone  
  48  4:19  Drone  
  48  4:22  Drone x2  
  51  4:25  Spore Crawler  
  51  4:27  Zergling x2  
  51  4:30  Drone x2  
  53  4:34  Overlord  
  53  4:39  Queen  
  53  4:45  Drone x2  
  57  4:47  Drone x2  
  57  4:52  Overlord  
  56  4:53  Overlord  
  56  4:55  Drone  
  53  5:00  Drone  
  53  5:04  Overlord  
  53  5:06  Drone  
  55  5:12  Drone, Roach Warren  
  56  5:14  Drone  
  56  5:18  Drone  
  56  5:19  Drone x2  
  56  5:20  Drone  
  59  5:26  Lair  
  59  5:28  Drone  
  59  5:29  Drone  
  59  5:30  Drone  
  59  5:32  Drone  
  62  5:38  Drone x2  
  62  5:39  Spore Crawler  
  63  5:43  Drone x2, Evolution Chamber  
  63  5:48  Extractor  
  63  5:50  Extractor  
  63  5:51  Drone x5  
  63  5:55  Overlord  
  63  5:56  Drone x2  
  69  6:01  Drone  
  69  6:06  Drone x6  
  69  6:08  Drone x2  
  75  6:13  Spore Crawler  
  75  6:16  Overlord  
  75  6:17  Drone x2  
  74  6:22  Queen  
  75  6:25  Glial Reconstitution  
  75  6:26  Zerg Missile Weapons Level 1  
  75  6:30  Queen  
  75  6:32  Queen  
  77  6:36  Extractor  
  77  6:38  Extractor  
  77  6:40  Zergling x6  
  77  6:41  Drone x2  
  77  6:42  Drone x4  
  86  6:48  Overlord  
  86  6:49  Extractor  
  86  6:52  Drone x2, Roach x2  
  91  6:54  Overseer  
  91  7:08  Baneling Nest, Roach x4  
  97  7:09  Hatchery  
  92  7:16  Roach x2, Zergling x8  
  98  7:26  Roach x2, Zergling x2  
  104  7:30  Zergling x4  
  101  7:43  Overlord  
  101  7:45  Overlord x2  
  101  7:46  Roach x2  
  101  7:49  Overlord  
  105  7:52  Centrifical Hooks  
  105  7:53  Overlord  
  105  7:54  Overlord x2  
  105  7:57  Overseer  
  105  7:59  Pneumatized Carapace  
  105  8:02  Drone x2  
  105  8:03  Roach x4  
  105  8:05  Ravager x4  
  119  8:09  Overlord  
  119  8:18  Zergling x14  
  126  8:22  Zerg Melee Weapons Level 1  
  126  8:24  Drone x2  
  128  8:27  Zergling x8  
  128  8:33  Zergling x8  
  136  8:41  Queen  
  136  8:46  Zergling x16  
  145  8:55  Drone x6, Infestation Pit  
  148  9:01  Spire  
  146  9:03  Drone  
  146  9:04  Drone x2  
  146  9:05  Drone  
  146  9:07  Drone  
  146  9:08  Drone  
  149  9:10  Spore Crawler  
  149  9:12  Drone x2  
  150  9:19  Evolution Chamber, Drone  
  150  9:21  Drone x3  
  153  9:26  Drone  
  153  9:28  Overlord  
  153  9:29  Extractor  
  153  9:30  Ravager x12  
  165  9:32  Drone  
  165  9:33  Drone  
  165  9:36  Hive  
  167  9:40  Overlord x2  
  167  9:42  Overlord  
  167  9:45  Overseer  
  167  9:47  Zerg Ground Armor Level 1  
  167  9:48  Overseer  
  167  9:57  Zergling x16  
  173  10:09  Overlord  
  169  10:19  Hatchery  
  168  10:21  Drone, Extractor  
  168  10:22  Drone x2  
  170  10:41  Mutalisk x7  
  170  10:42  Mutalisk  
  184  10:45  Zergling x2  
  184  10:46  Zergling x18  
  184  10:48  Hatchery  
  195  10:55  Hatchery  
  194  11:00  Baneling x6  
  194  11:03  Baneling x3  
  194  11:06  Baneling x2  
  185  11:11  Zergling x30  
  185  11:13  Baneling x6  
  182  11:27  Zergling x2  
  182  11:28  Zergling x20  
  183  11:33  Zergling x16  
Show
View Real Time Build Order
Export as new Build Order

Trap Protoss - Winner!

Build Orders: Oracle Opening 

Get SALT Encoding   

  12  0:00  Probe  
  13  0:15  Pylon  
  13  0:17  Probe (Chrono Boost)  
  14  0:27  Probe (Chrono Boost)  
  15  0:32  Probe (Chrono Boost)  
  16  0:42  Gateway  
  16  0:44  Probe  
  17  0:50  Assimilator  
  17  0:56  Probe  
  18  1:08  Probe  
  19  1:11  Gateway  
  19  1:14  Pylon  
  19  1:20  Probe  
  20  1:26  Pylon  
  20  1:28  Zealot (Chrono Boost)  
  22  1:34  Cybernetics Core  
  22  1:37  Probe  
  23  1:46  Zealot (Chrono Boost)  
  23  1:49  Probe  
  26  1:57  Pylon  
  26  2:02  Probe  
  27  2:15  Adept x2  
  30  2:18  Probe  
  30  2:19  Warp Gate  
  30  2:47  Nexus  
  31  2:53  Pylon  
  31  2:54  Probe  
  31  3:05  Stargate  
  31  3:08  Probe  
  32  3:13  Adept  
  32  3:19  Assimilator  
  34  3:20  Pylon  
  34  3:24  Adept  
  36  3:27  Probe  
  37  3:39  Probe (Chrono Boost)  
  39  3:49  Probe (Chrono Boost)  
  39  3:56  Probe (Chrono Boost)  
  39  3:58  Oracle (Chrono Boost)  
  39  4:00  Probe (Chrono Boost)  
  44  4:09  Probe (Chrono Boost)  
  46  4:10  Probe (Chrono Boost)  
  46  4:12  Stalker  
  46  4:14  Probe (Chrono Boost)  
  49  4:22  Probe (Chrono Boost)  
  50  4:26  Probe (Chrono Boost)  
  52  4:32  Probe (Chrono Boost)  
  52  4:33  Probe (Chrono Boost)  
  52  4:36  Oracle  
  56  4:40  Probe  
  56  4:41  Pylon  
  56  4:42  Probe  
  58  4:52  Probe  
  59  4:54  Probe  
  56  5:01  Nexus  
  56  5:04  Probe  
  56  5:05  Pylon  
  56  5:06  Probe  
  54  5:09  Assimilator  
  54  5:10  Assimilator  
  54  5:11  Oracle (Chrono Boost)  
  57  5:16  Probe  
  57  5:18  Probe  
  57  5:24  Adept x2  
  57  5:26  Shield Battery  
  61  5:28  Probe  
  61  5:30  Probe  
  63  5:36  Pylon  
  63  5:41  Probe  
  65  5:42  Probe  
  65  5:43  Forge  
  65  5:45  Twilight Council  
  65  5:49  Sentry  
  67  5:53  Probe  
  67  5:54  Probe  
  67  5:56  Sentry  
  71  6:00  Gateway x2  
  71  6:05  Blink  
  71  6:06  Probe  
  71  6:07  Probe  
  71  6:10  Gateway  
  72  6:13  Gateway  
  72  6:17  Probe  
  73  6:18  Protoss Ground Weapons Level 1 (Chrono Boost), Probe  
  74  6:29  Sentry  
  74  6:30  Probe x3  
  79  6:38  Stalker  
  81  6:43  Robotics Facility  
  81  6:45  Probe x3  
  84  6:50  Pylon  
  84  6:54  Pylon  
  84  6:57  Probe x3  
  87  7:01  Stalker x3  
  87  7:07  Stalker x2  
  97  7:14  Probe x3  
  100  7:25  Robotics Facility  
  100  7:28  Pylon  
  100  7:29  Pylon  
  100  7:31  Probe x3  
  100  7:37  Observer  
  104  7:41  Assimilator x2  
  104  7:43  Gateway  
  100  7:45  Gateway  
  100  7:46  Gateway  
  100  7:47  Pylon  
  100  7:52  Robotics Bay  
  100  7:55  Stalker x4  
  108  8:01  Zealot  
  108  8:02  Protoss Ground Weapons Level 2 (Chrono Boost)  
  108  8:05  Shield Battery x2  
  110  8:13  Pylon  
  110  8:16  Pylon  
  110  8:17  Photon Cannon  
  110  8:23  Photon Cannon  
  110  8:25  Pylon  
  110  8:30  Observer (Chrono Boost)  
  110  8:32  Stalker x6  
  123  8:42  Colossus (Chrono Boost)  
  128  8:53  Extended Thermal Lance  
  128  8:58  Stalker x3  
  134  9:10  Nexus  
  134  9:17  Pylon  
  134  9:18  Charge  
  134  9:20  Pylon  
  134  9:21  Zealot  
  136  9:26  Photon Cannon  
  136  9:28  Colossus (Chrono Boost)  
  142  9:36  Zealot x4  
  142  9:37  Photon Cannon  
  150  9:39  Photon Cannon  
  150  9:41  Shield Battery  
  150  9:57  Sentry  
  150  9:58  Sentry x4  
  160  10:04  Zealot x3  
  160  10:05  Warp Prism (Chrono Boost)  
  163  10:21  Sentry x4  
  163  10:22  Stalker x2  
  163  10:27  Stalker x2, Shield Battery  
  179  10:30  Shield Battery  
  179  10:35  Photon Cannon, Probe x4  
  183  10:37  Photon Cannon  
  183  10:40  Colossus (Chrono Boost)  
  189  10:57  Stalker x3  
  191  11:02  Pylon  
  193  11:14  Stalker  
  166  11:26  Stalker x8  
  136  11:41  Probe x4  
Tags
 
Add a new tag
Caveats
  • Supply blocks, unpowered buildings, or Contaminate may cause inaccurate times.
  • Supply counts are checked every 10 seconds.